 Dungeon Crawl Stone Soup version 5.2-56-g927a965 (webtiles) character file.

4 Mendin the Cudgeler (level 8, -3/49 HPs) *CASUAL*
             Began as a Gargoyle Fighter on Dec 27, 2017.
             Was an Initiate of Qazlal.
             Slain by Menkaure (12 damage)
             ... on level 5 of the Dungeon.
             The game lasted 00:06:51 (3419 turns).

Mendin the Cudgeler (Gargoyle Fighter)              Turns: 3419, Time: 00:06:52

Health: -3/49      AC: 13 (42%)Str: 21  XL:     8   Next: 35%
Magic:  9/9        EV:  7    Int: 15    God:    Qazlal [0*[23]]
Gold:   357        SH: 10    Dex: 14    Spells: 7/7 levels left

rFire    . . .     SeeInvis .   a - +0 flail
rCold    . . .     Faith    .   c - +0 shield
rNeg     + . .     Spirit   .   b - +0 scale mail
rPois    ∞         Reflect  .   (no helmet)
rElec    +                      n - +0 cloak
rCorr    .                      (no gloves)
MR       .....                  (no boots)
Stlth    ..........             (no amulet)
Regen    0.2/turn               g - +5 ring of dexterity
MPRegen  0.2/turn               l - +5 ring of intelligence

@: no status effects
A: negative energy resistance 1, electricity resistance, unbreathing,
petrification resistance, rot immunity, AC +5
a: Renounce Religion


You were on level 5 of the Dungeon.
You worshipped Qazlal.
Qazlal was noncommittal.
You were not hungry.

You visited 1 branch of the dungeon, and saw 5 of its levels.

You collected 357 gold pieces.

Inventory:

Hand Weapons
 a - a +0 flail (weapon)
Missiles
 p - 190 poisoned darts (quivered)
 q - 2 tomahawks
Armour
 b - a +0 scale mail (worn)
 c - a +0 shield (worn)
 n - a +0 cloak (worn)
Jewellery
 g - a +5 ring of dexterity (left hand)
 l - a +5 ring of intelligence (right hand)
Scrolls
 e - a scroll of amnesia
 f - 2 scrolls of magic mapping
 h - a scroll of blinking
 j - 5 scrolls of enchant armour
 m - a scroll of fear
 o - a scroll of immolation
 s - 2 scrolls of fog
 w - a scroll of enchant weapon
 x - a scroll of teleportation
Potions
 d - a potion of augmentation
 i - 2 potions of lignification
 k - 2 potions of heal wounds
 r - a potion of mutation
 t - 2 potions of ambrosia
 u - a potion of flight
 v - a potion of haste


   Skills:
 + Level 5.3 Fighting
 * Level 6.5 Maces & Staves
 - Level 5.0 Armour
 + Level 5.7 Shields
 + Level 2.6 Invocations


You had 7 spell levels left.
You didn't know any spells.

Dungeon Overview and Level Annotations

Branches:
Dungeon (5/15)

Altars:
Dithmenos
Elyvilon
Gozag
Hepliaklqana
Jiyva
Kikubaaqudgha
Nemelex Xobeh
Qazlal
Trog
Uskayaw
Wu Jian
Zin
The Shining One

Annotations:
D:5 Menkaure


Innate Abilities, Weirdness & Mutations

You are resistant to torment.
Your stone body is resilient. (AC +5)
You are immune to poison.
You resist negative energy. (rN+)
You are resistant to electric shocks. (rElec)
You can survive without breathing.
You are immune to petrification.
You are immune to rotting.


Message History

Unknown command.
You feel much better. You block the centaur's attack.
The adder closely misses you. You block Menkaure's attack.
The centaur hits you but does no damage.
You hit Menkaure (6).
Menkaure is moderately damaged.
You block the adder's attack. You block the centaur's attack.
Menkaure hits you (7)! The adder closely misses you.
You barely miss Menkaure.
Menkaure is moderately damaged.
The centaur barely misses you. Menkaure hits you (11)!
* * * LOW HITPOINT WARNING * * *
The adder barely misses you. You block the centaur's attack.
Menkaure hits you but does no damage.
You sock Menkaure (11)!
Menkaure is severely damaged.
You block the adder's attack.
The centaur hits you but does no damage.
Menkaure hits you (12)!
You die...

#............#
#######......#
..........#### #
####.......#
###.......##.# .
....###....#.# ...
.######......#######....
.# ##.......#...........
####.....)..####@S......
##.........# #Mc......
##....#.....# ##.......
##.#.##.....# .......
.....##>....# .....#.
.#.########## .......
...# ....... ..##
....... .##


You could see Menkaure, a centaur and an adder.

Vanquished Creatures
  2 scorpions
  2 howler monkeys
  2 quasits (D:5)
  2 hounds
  A centaur skeleton (D:5)
  An orc wizard (D:4)
  A worker ant (D:4)
  A hound skeleton (D:5)
  4 gnolls (D:3)
  A howler monkey skeleton (D:4)
  4 adders
  10 orcs
  4 quokkas
  2 giant cockroaches (D:2)
  12 goblins
  6 hobgoblins
  2 jackals (D:3)
  7 kobolds
  3 ball pythons
  6 bats
  A frilled lizard (D:3)
  9 rats
83 creatures vanquished.

Vanquished Creatures (others)
  4 toadstools (D:1)
4 creatures vanquished.

Grand Total: 87 creatures vanquished

Notes
Turn   | Place    | Note
-------+----------+-------------------------------------------
     0 | D:1      | Mendin the Gargoyle Fighter began the quest for the Orb.
     0 | D:1      | Reached XP level 1. HP: 14/14 MP: 1/1
    57 | D:1      | Reached XP level 2. HP: 19/19 MP: 2/2
   157 | D:1      | Reached XP level 3. HP: 18/23 MP: 3/3
   468 | D:1      | Reached skill level 3 in Maces & Staves
   638 | D:2      | Reached XP level 4. HP: 27/29 MP: 4/4
   752 | D:2      | Found an opulent altar of Gozag.
   846 | D:2      | Found a white marble altar of Elyvilon.
  1157 | D:2      | Reached XP level 5. HP: 33/33 MP: 5/5
  1326 | D:3      | Found a sparkling altar of Nemelex Xobeh.
  1408 | D:3      | Reached skill level 4 in Maces & Staves
  1408 | D:3      | Reached XP level 6. HP: 22/39 MP: 6/6
  1784 | D:3      | Found a shadowy altar of Dithmenos.
  2186 | D:3      | Found a viscous altar of Jiyva.
  2272 | D:3      | Found an opulent altar of Gozag.
  2345 | D:4      | Found a stormy altar of Qazlal.
  2376 | D:4      | Became a worshipper of Qazlal Stormbringer
  2392 | D:4      | Reached skill level 5 in Maces & Staves
  2403 | D:4      | Reached XP level 7. HP: 35/44 MP: 7/7
  2557 | D:4      | Found a bloodstained altar of Trog.
  2558 | D:4      | Found a hide-covered altar of Uskayaw.
  2559 | D:4      | Found a glowing silver altar of Zin.
  2559 | D:4      | Found a hazy altar of Hepliaklqana.
  2562 | D:4      | Found an ancient bone altar of Kikubaaqudgha.
  2634 | D:4      | Reached skill level 5 in Shields
  2661 | D:4      | Reached skill level 5 in Fighting
  2661 | D:4      | Reached skill level 1 in Invocations
  2757 | D:4      | Found an ornate altar of the Wu Jian Council.
  2967 | D:4      | Reached skill level 5 in Armour
  3055 | D:4      | Found a glowing golden altar of the Shining One.
  3209 | D:5      | Entered Level 5 of the Dungeon
  3221 | D:5      | Reached XP level 8. HP: 48/49 MP: 9/9
  3249 | D:5      | Reached skill level 6 in Maces & Staves
  3407 | D:5      | Noticed Menkaure
  3419 | D:5      | Slain by Menkaure

Skill      XL: |  1  2  3  4  5  6  7  8 |
---------------+-------------------------+-----
Maces & Staves | 3 4 5 6 |  6.5
Shields        | 4 5 |  5.7
Fighting       | 4 5 |  5.3
Armour         | 4 5 |  5.0
Invocations    | 1 2 |  2.6

Action                   |  1- 3 |  4- 6 |  7- 9 || total
-------------------------+-------+-------+-------++-------
Melee: Flail             |    97 |   170 |    97 ||   364
  Use: Potion            |       |     1 |     1 ||     2
Armor: Scale mail        |    55 |    74 |    71 ||   200
Dodge: Dodged            |    32 |    53 |    38 ||   123
Block: Shield            |    61 |   126 |    75 ||   262
